[Event "Early-Titled-Tuesday-Blitz-July-09-2024"]
[Site "Chess.com"]
[Date "2024.07.09"]
[Round "7"]
[White "CristhianPortalR"]
[Black "biveklama"]
[Result "0-1"]
[WhiteElo "2509"]
[BlackElo "2671"]
[TimeControl "180+1"]
[EndTime "9:19:11 PDT"]
[Termination "biveklama won on time"]

1. e4 c5 2. Nf3 d6 3. d4 cxd4 4. Nxd4 Nf6 5. Nc3 e5 6. Ndb5 a6 7. Na3 b5 8. Nd5 Nxd5 9. Qxd5 Ra7 10. Be3 Be6 11. Qd2 Rb7 12. c3 d5 13. exd5 Qxd5 14. Qxd5 Bxd5 15. Nc2 Nc6 16. f3 Be7 17. Be2 f5 18. O-O Kf7 19. f4 e4 20. Rfd1 Rd8 21. Kf2 a5 22. a4 bxa4 23. Rxd5 Rxd5 24. Bc4 Ke6 25. Rd1 Rb5 26. Bxd5+ Rxd5 27. Rxd5 Kxd5 28. Bd4 Nxd4 29. Nxd4 Bc5 30. Ke3 Bxd4+ 31. cxd4 Kc4 32. h3 h5 33. g4 hxg4 34. hxg4 g6 35. gxf5 gxf5 0-1

[Event "Early-Titled-Tuesday-Blitz-July-09-2024"]
[Site "Chess.com"]
[Date "2024.07.09"]
[Round "7"]
[White "KNVB"]
[Black "MatthewG-p4p"]
[Result "0-1"]
[WhiteElo "2668"]
[BlackElo "2913"]
[TimeControl "180+1"]
[EndTime "9:19:12 PDT"]
[Termination "MatthewG-p4p won by resignation"]

1. d4 Nf6 2. Bf4 c5 3. e3 g6 4. c3 cxd4 5. exd4 Bg7 6. Nf3 O-O 7.
Be2 d6 8. O-O Nc6 9. Re1 Re8 10.
d5 e5 11. dxe6 Bxe6 12. Na3 Qb6 13. Qc1 Rac8 14. Nb5 Ng4 15. Bg3 Nce5 16. Nbd4 Bd5 17.
h3 Nf6 18. Qc2 Ne4 19. Bf4 Nxf3+ 20. Bxf3 Qxd4 21. cxd4 Rxc2 22. Bxe4 Rxe4 0-1

[Event "Early-Titled-Tuesday-Blitz-July-09-2024"]
[Site "Chess.com"]
[Date "2024.07.09"]
[Round "7"]
[White "Sychev_Klementy"]
[Black "Msb2"]
[Result "0-1"]
[WhiteElo "2951"]
[BlackElo "3112"]
[TimeControl "180+1"]
[EndTime "9:19:14 PDT"]
[Termination "Msb2 won on time"]

1. e4 e6 2. d4 d5 3. Nd2 c5 4. Ngf3 Nf6 5. e5 Nfd7 6. c3 Nc6 7. Bd3 f6 8. Ng5 fxg5 9. Qh5+ Ke7 10. Nf3 h6 11.
Nxg5 Ndxe5 12. dxe5 Nxe5 13. Be2 Kd7 14. f4 Qe8 15.
Qh3 Nc6 16. O-O Kc7 17. Bg4 Nd8 18. f5 exf5 19. Bxf5 Bxf5 20. Rxf5 Bd6 21. Nf3 Qe6 22.
Bd2 g6 0-1

[Event "Early-Titled-Tuesday-Blitz-July-09-2024"]
[Site "Chess.com"]
[Date "2024.07.09"]
[Round "7"]
[White "Shuvalov"]
[Black "maroro07"]
[Result "1-0"]
[WhiteElo "2590"]
[BlackElo "2389"]
[TimeControl "180+1"]
[EndTime "9:19:14 PDT"]
[Termination "Shuvalov won by resignation"]

1. c4 c5 2. Nf3 Nc6 3. d4 cxd4 4. Nxd4 Nf6 5. Nc3 e6 6. g3 Bc5 7. Be3 Qb6 8. Na4 Bb4+ 9. Nc3 Ng4 10. Nc2 Nxe3 11. Nxe3 Bxc3+ 12. bxc3 O-O 13. Bg2 Qa5 14. Qd2 b5 15. O-O Ba6 16. Qxd7 Rac8 17. cxb5 Bxb5 18. c4 Ba4 19. Qd6 Ne5 20. Rfc1 Rfd8 21. Qa3 Nc6 22.
c5 Nd4 23. Bf1 Qb5 24. Rab1 Qd7 25. Nc4 Bb5 26. e3 a6 27. exd4 Qxd4 28. Nd6 Bc6 29. Bg2 Bxg2 30. Kxg2 Qd5+ 31. Qf3 Qxf3+ 32. Kxf3 Rc6 33.
Nb7 Rdc8 34. Na5 1-0

[Event "Early-Titled-Tuesday-Blitz-July-09-2024"]
[Site "Chess.com"]
[Date "2024.07.09"]
[Round "7"]
[White "Orest_Vovk"]
[Black "chessdjw"]
[Result "0-1"]
[WhiteElo "2531"]
[BlackElo "2754"]
[TimeControl "180+1"]
[EndTime "9:19:16 PDT"]
[Termination "chessdjw won by resignation"]

1. h4 e5 2. h5 d5 3. h6 Nxh6 4. d4 e4 5. Bxh6 gxh6 6. e3 Be6 7. c4 c6 8. Qb3 Qb6 9. Nc3 Bb4 10.
Rxh6 Nd7 11. cxd5 cxd5 12. Nh3 Rc8 13. Rc1 Ke7 14. Nf4 Bxc3+ 15. Rxc3 Qxb3 16. axb3 Nf6 17. Be2 Rc6 18. b4 Rxc3 19. bxc3 Ra8 20. g4 Rg8 21. Kd2 Bxg4 22. Bxg4 Rxg4 23. b5 Rg1 24. c4 dxc4 25. d5 Ne8 26. Kc3 Nd6 27. Kd4 Nf5+ 0-1

[Event "Early-Titled-Tuesday-Blitz-July-09-2024"]
[Site "Chess.com"]
[Date "2024.07.09"]
[Round "7"]
[White "ImportedItalianMaple"]
[Black "RTchess367"]
[Result "1-0"]
[WhiteElo "2477"]
[BlackElo "2290"]
[TimeControl "180+1"]
[EndTime "9:19:16 PDT"]
[Termination "ImportedItalianMaple won by resignation"]

1. d4 Nf6 2. Bg5 Ne4 3. h4 d5 4. Nd2 Nxd2 5. Qxd2 Bf5 6. e3 Nd7 7. Nf3 h6 8. Bf4 c5 9. c4 dxc4 10. Bxc4 e6 11. d5 Be7 12. dxe6 fxe6 13. Bb5 a6 14. Bd3 Nf6 15. Bxf5 Qxd2+ 16. Nxd2 exf5 17. Nc4 O-O 18.
Rd1 Rfd8 19. Ke2 Nd5 20. Be5 b5 21. Na5 Nb4 22. a3 Nd5 23. Nc6 Rd7 24. Rxd5 Rxd5 25. Nxe7+ Kf7 26. Nxd5 Ke6 27. Nc7+ 1-0

[Event "Early-Titled-Tuesday-Blitz-July-09-2024"]
[Site "Chess.com"]
[Date "2024.07.09"]
[Round "7"]
[White "KhBegmuratov"]
[Black "Hikaru"]
[Result "1-0"]
[WhiteElo "2930"]
[BlackElo "3206"]
[TimeControl "180+1"]
[EndTime "9:19:17 PDT"]
[Termination "KhBegmuratov won by resignation"]

1. e4 g6 2. d4 c6 3. Nf3 d5 4.
exd5 cxd5 5. Bd3 Bg4 6. c3 Nc6 7. O-O e6 8. h3 Bxf3 9. Qxf3 Bh6 10. Bxh6 Nxh6 11. Nd2 Kf8 12. Rfe1 Kg7 13. Qe2 Ng8 14. Nf3 Qd6 15. Qd2 Nf6 16. Ne5 Rhf8 17. Re3 Nd7 18. Nxd7 Qxd7 19. Rae1 Qd6 20. R3e2 Rab8 21. h4 h6 22. Re3 Qf4 23. h5 g5 24. Qe2 Ne7 25. Rf3 Qd6 26. a4 Ng8 27. Qd2 Rbe8 28. Re5 f6 29.
Re1 e5 30. Bg6 Re7 31. Rfe3 e4 32. Bf5 Qf4 33. g4 Ree8 34. Qe2 Ne7 35. Bxe4 f5 36. Bd3 Rf7 37. gxf5 g4 38. Re6 g3 39. Qe5+ Qxe5 40.
R1xe5 1-0

[Event "Early-Titled-Tuesday-Blitz-July-09-2024"]
[Site "Chess.com"]
[Date "2024.07.09"]
[Round "7"]
[White "Volodar_Murzin"]
[Black "Shankland"]
[Result "1-0"]
[WhiteElo "2998"]
[BlackElo "2890"]
[TimeControl "180+1"]
[EndTime "9:19:17 PDT"]
[Termination "Volodar_Murzin won by resignation"]

1. d4 d5 2. Bf4 c5 3. e3 Nc6 4. c3 Bf5 5. Nd2 e6 6. Ngf3 Nf6 7. Qa4 Bd6 8. Bb5 O-O 9. Bxd6 Qxd6 10. Qa3 b6 11. O-O Rfd8 12. Rac1 c4 13. Qxd6 Rxd6 14. b3 a6 15. Bxc6 Rxc6 16. Ne5 Rc7 17. bxc4 dxc4 18. f3 Bd3 19. Rfe1 b5 20. e4 Rac8 21. Re3 Nd7 22.
Nxd3 cxd3 23. Rxd3 Nb6 24. Kf1 b4 25. Rb1 bxc3 26.
Rxb6 c2 27. Nb3 c1=Q+ 28. Nxc1 Rxc1+ 29. Ke2 g5 30. Rd2 Rg1 31. Kf2 Rcc1 32. Rxa6 h5 33.
Kg3 f5 34. exf5 exf5 35. Rg6+ 1-0

[Event "Early-Titled-Tuesday-Blitz-July-09-2024"]
[Site "Chess.com"]
[Date "2024.07.09"]
[Round "7"]
[White "Alexander_Donchenko"]
[Black "Andrey_Klymchuk"]
[Result "0-1"]
[WhiteElo "2890"]
[BlackElo "2768"]
[TimeControl "180+1"]
[EndTime "9:19:19 PDT"]
[Termination "Andrey_Klymchuk won by resignation"]

1. Nf3 g6 2. g3 b6 3. Bg2 Bb7 4. O-O Bg7 5. d4 Nf6 6. c4 O-O 7. d5 c6 8. Nc3 cxd5 9. cxd5 Na6 10. e4 d6 11. Nd4 Rc8 12. Nc6 Bxc6 13. dxc6 Nb4 14. Qa4 Nxc6 15. Rd1 Nd7 16. Be3 Nc5 17. Qa3 a5 18. Rac1 Ne5 19. Bf1 f5 20. exf5 gxf5 21.
Nd5 e6 22. Nf4 Qe7 23. b4 axb4 24. Qxb4 Ng4 25. Qxb6 Nxe3 26. fxe3 Be5 27. Bc4 Rb8 28. Qc6 Rb2 29. Bf1 Ne4 30. Rc2 Rfb8 31. Rxb2 Rxb2 32. Qc8+ Kf7 33. Bc4 Bxf4 34. gxf4 d5 35. Bxd5 exd5 36. Rxd5 Nf6 37. Re5 Qd6 38. Qc4+ Kg6 39. Qc1 Rd2 40. Qc8 Qd3 41. Qc6 Qb1+ 0-1

[Event "Early-Titled-Tuesday-Blitz-July-09-2024"]
[Site "Chess.com"]
[Date "2024.07.09"]
[Round "7"]
[White "coalescenet"]
[Black "SuperPower2011"]
[Result "1-0"]
[WhiteElo "2404"]
[BlackElo "2715"]
[TimeControl "180+1"]
[EndTime "9:19:19 PDT"]
[Termination "coalescenet won on time"]

1. d4 Nf6 2. c4 e6 3. Nf3 d5 4.
Bg5 dxc4 5. e3 b5 6. Nbd2 c6 7. Be2 h6 8. Bh4 Be7 9. O-O O-O 10. a4 a6 11. Qc2 Bb7 12. b3 cxb3 13. Nxb3 Nbd7 14.
Rfc1 Rc8 15. axb5 cxb5 16. Qd1 Ne4 17. Bxe7 Qxe7 18. Bd3 Nc3 19. Qe1 Nd5 20. Na5 Ba8 21.
Nb3 Nb4 22. Bb1 Bb7 23. Na5 Bxf3 24. gxf3 Qg5+ 25. Kh1 Qh5 26. Kg2 Nd5 27. Nb3 Ra8 28. Nd2 a5 29. Ne4 a4 30. Qe2 b4 31. Ng3 Qg5 32.
Rxa4 Rxa4 33. Qc2 Rfa8 34. Qh7+ Kf8 35. Be4 N7f6 36. f4 Nxh7 37. fxg5 Nxg5 38. Bd3 Ra2 39. h4 Nxe3+ 40. Kh1 1-0

[Event "Early-Titled-Tuesday-Blitz-July-09-2024"]
[Site "Chess.com"]
[Date "2024.07.09"]
[Round "7"]
[White "Hudijegszid"]
[Black "Barbix1"]
[Result "0-1"]
[WhiteElo "2490"]
[BlackElo "2382"]
[TimeControl "180+1"]
[EndTime "9:19:20 PDT"]
[Termination "Barbix1 won by resignation"]

1. Nf3 Nf6 2. b4 g6 3. Bb2 Bg7 4. g4 O-O 5. g5 Nh5 6. Bxg7 Nxg7 7. h4 d5 8. e3 Qd6 9. c3 e5 10.
a3 Bg4 11. Be2 Nc6 12. d4 e4 13. Nfd2 Bxe2 14. Qxe2 a5 15. b5 Ne7 16. c4 dxc4 17. Nxc4 Qe6 18. Nc3 Nd5 19. Nxd5 Qxd5 20. Nd2 f5 21.
Qc4 Rfd8 22. Qxd5+ Rxd5 23. a4 Rc8 24. Ke2 c6 25. Rhc1 Ne6 26. Nb3 Rc7 27. bxc6 bxc6 28. Rc3 Rb7 29. Rac1 Kf7 30. Kd2 Rb4 31. Nc5 Nxc5 32.
Rxc5 Rxc5 33. Rxc5 Rxa4 34. Rxc6 Ra2+ 35. Kc3 Rxf2 36.
d5 Ke7 37. Kd4 Kd7 38. Ke5 f4 39. exf4 e3 40. Rc3 e2 41. Re3 a4 42. d6 a3 43. Kd5 a2 44. Re7+ Kd8 45. Kc6 a1=Q 46. Rd7+ Ke8 47. Re7+ Kf8 48. d7 Kxe7 49. Kc7 Qa7+ 0-1

[Event "Early-Titled-Tuesday-Blitz-July-09-2024"]
[Site "Chess.com"]
[Date "2024.07.09"]
[Round "7"]
[White "artin10862"]
[Black "FXDon77"]
[Result "0-1"]
[WhiteElo "2943"]
[BlackElo "2885"]
[TimeControl "180+1"]
[EndTime "9:19:22 PDT"]
[Termination "FXDon77 won by resignation"]

1. e4 c5 2. c3 Nf6 3. e5 Nd5 4. d4 cxd4 5. Bc4 Nb6 6. Bb3 Nc6 7.
Nf3 d6 8. exd6 Qxd6 9. O-O Be6 10. Na3 Bxb3 11. Qxb3 e6 12. Nb5 Qd7 13. Bf4 Na5 14.
Nc7+ Qxc7 15. Qb5+ Qc6 16. Qxa5 dxc3 17. Qh5 Bd6 18. Nd4 Qc5 19. Nxe6 Qxh5 20. Nxg7+ Kf8 21. Nxh5 Bxf4 22. Nxf4 cxb2 23. Rab1 Nc4 24. Rfe1 Rd8 25.
a4 Kg7 26. g3 Rhe8 27. Kg2 Rxe1 28. Rxe1 Nd2 0-1

[Event "Early-Titled-Tuesday-Blitz-July-09-2024"]
[Site "Chess.com"]
[Date "2024.07.09"]
[Round "7"]
[White "MarlonJodar"]
[Black "ccccvhhhj"]
[Result "0-1"]
[WhiteElo "2366"]
[BlackElo "2513"]
[TimeControl "180+1"]
[EndTime "9:19:22 PDT"]
[Termination "ccccvhhhj won on time"]

1. e4 e6 2. d4 d5 3. Nc3 Bb4 4. e5 c5 5. a3 Bxc3+ 6. bxc3 Ne7 7. Qg4 Kf8 8. Bd3 Qa5 9. Bd2 Qa4 10. Nf3 Nbc6 11. Qg5 c4 12. Be2 Qxc2 13. O-O Qg6 14. Qf4 h6 15. Nh4 Qh7 16. Qe3 Nf5 17. Nxf5 Qxf5 18.
f4 Bd7 19. Rfc1 Na5 20. Bd1 Qd3 21. Qf2 Nb3 22. Bxb3 cxb3 23. Rab1 Ba4 24. Re1 Ke7 25. Rb2 Kd7 26. Re3 Qh7 27. Rf3 g6 28. c4 dxc4 29. d5 Rhc8 30. dxe6+ fxe6 31. Qd4+ Ke8 32. Bb4 Qd7 33.
Qe4 Qf7 34. Rd2 Bc6 35. Qe3 Bxf3 36. Qxf3 Rd8 37. Rf2 Rd3 38. Qe4 Rad8 39. Qxc4 Rd1+ 40. Rf1 Rxf1+ 41. Kxf1 b2 42. Qb3 Qxf4+ 0-1

[Event "Early-Titled-Tuesday-Blitz-July-09-2024"]
[Site "Chess.com"]
[Date "2024.07.09"]
[Round "7"]
[White "Zavgorodniy_Sergiy"]
[Black "Iball95"]
[Result "0-1"]
[WhiteElo "2664"]
[BlackElo "2909"]
[TimeControl "180+1"]
[EndTime "9:19:24 PDT"]
[Termination "Iball95 won on time"]

1. d4 d5 2. Nc3 Nf6 3. Bf4 c5 4. e3 cxd4 5. exd4 a6 6. Nf3 Bg4 7. Be2 Bxf3 8. Bxf3 Nc6 9. O-O e6 10. Ne2 Bd6 11. Bg5 h6 12. Be3 O-O 13. c3 b5 14. a3 Rc8 15. Nc1 Na5 16. Nd3 Nc4 17. Bc1 a5 18. Re1 Re8 19. g3 Qc7 20. Bg2 b4 21.
cxb4 axb4 22. a4 Qb6 23. Ne5 b3 24. Qd3 Bxe5 25. dxe5 Ng4 26. Qe2 Ngxe5 27. Bf4 Nc6 28. Qg4 Kh8 29. Qh5 Kg8 30. Qg4 Qd4 31. Rad1 Qf6 32.
Rd3 N6e5 0-1

[Event "Early-Titled-Tuesday-Blitz-July-09-2024"]
[Site "Chess.com"]
[Date "2024.07.09"]
[Round "7"]
[White "Baronessa08"]
[Black "rionelG"]
[Result "0-1"]
[WhiteElo "2585"]
[BlackElo "2444"]
[TimeControl "180+1"]
[EndTime "9:19:25 PDT"]
[Termination "rionelG won by resignation"]

1. c4 e5 2. d3 Nc6 3. a3 g6 4. b4 Bg7 5. Bb2 d6 6. Nf3 Nf6 7. g3 O-O 8. Bg2 h6 9. Nc3 Be6 10. O-O Qd7 11. Re1 Bh3 12. Bh1 Ne7 13. d4 e4 14. Nd2 e3 15. fxe3 Nf5 16. Nf3 Nxe3 17. Qb3 Rae8 18. Rac1 c6 19. b5 Qf5 20. Nd1 Nfg4 21.
Nxe3 Rxe3 22. Qc2 Qd7 23. bxc6 bxc6 24. Qd2 Rfe8 25. Rc3 Qf5 26. Bc1 c5 27. Rxe3 Rxe3 28. Bg2 Rxf3 29. Bxh3 Bxd4+ 30. e3 Rxe3 31. Kh1 Nf2+ 32.
Kg2 Qxh3+ 0-1

[Event "Early-Titled-Tuesday-Blitz-July-09-2024"]
[Site "Chess.com"]
[Date "2024.07.09"]
[Round "7"]
[White "simonachess"]
[Black "Cheer_Down"]
[Result "0-1"]
[WhiteElo "2305"]
[BlackElo "2429"]
[TimeControl "180+1"]
[EndTime "9:19:25 PDT"]
[Termination "Cheer_Down won on time"]

1. d4 d5 2. c4 e6 3. Nc3 Nf6 4. Nf3 Nbd7 5. Bf4 dxc4 6. e3 b5 7. Be2 a6 8. O-O Bb7 9. Qc2 Bd6 10. Bg5 c5 11. e4 cxd4 12. Nxd4 Qb8 13. Nf3 Ne5 14.
Nd2 h6 15. Bxf6 gxf6 16. f4 Nc6 17. f5 Bxh2+ 18. Kh1 Be5 19. Nf3 Nd4 20. Nxd4 Bxd4 21. fxe6 fxe6 22. e5 f5 23. Bh5+ Ke7 24. Rad1 Qxe5 25.
Bf3 Bxf3 26. Rxf3 Rad8 27. Rdf1 Rhg8 28. Ne2 Rg4 29. Rh3 Be3 30. Nc3 Rd2 0-1

[Event "Early-Titled-Tuesday-Blitz-July-09-2024"]
[Site "Chess.com"]
[Date "2024.07.09"]
[Round "7"]
[White "Suleyman_Chess06"]
[Black "Pitomina"]
[Result "0-1"]
[WhiteElo "2724"]
[BlackElo "2595"]
[TimeControl "180+1"]
[EndTime "9:19:26 PDT"]
[Termination "Pitomina won by resignation"]

1. Nf3 Nf6 2. g3 g6 3. Bg2 Bg7 4. O-O O-O 5. d4 d5 6. c4 c6 7. cxd5 cxd5 8. Nc3 Nc6 9. Ne5 e6 10. Be3 Bd7 11. Rc1 Rc8 12. Qb3 Na5 13. Qb4 Re8 14.
Bg5 b6 15. e4 dxe4 16. Nxe4 Nd5 17. Qd6 f6 18. Nxd7 Rxc1 19. Nexf6+ Nxf6 20. Nxf6+ Bxf6 21. Qxd8 Rxf1+ 22. Kxf1 Bxd8 23. Bf4 Bf6 24. d5 exd5 25. Bxd5+ Kg7 26. b4 Rd8 27. Bf3 Nc4 28.
Kg2 Ne5 29. Be2 Nd3 30. Bd2 Be7 31. a3 Bf6 32. Be3 Bb2 33. Bg5 Rd5 34. h4 Bxa3 35. b5 Bc5 36. f3 Ne5 37. h5 Nf7 38. Bf4 Rxh5 39. Bc4 Nd6 40. Be6 Kf6 41. Bd7 g5 42.
Bd2 Nc4 43. Bc3+ Ke7 44. Bc6 Ne3+ 45. Kf2 Nd5+ 0-1

[Event "Early-Titled-Tuesday-Blitz-July-09-2024"]
[Site "Chess.com"]
[Date "2024.07.09"]
[Round "7"]
[White "xh4823"]
[Black "JoJoZP"]
[Result "0-1"]
[WhiteElo "2344"]
[BlackElo "2497"]
[TimeControl "180+1"]
[EndTime "9:19:26 PDT"]
[Termination "JoJoZP won on time"]

1. d4 Nf6 2. c4 g6 3. Nc3 d5 4.
cxd5 Nxd5 5. g3 Bg7 6. Bg2 Nxc3 7. bxc3 c5 8. e3 O-O 9. Ne2 Nc6 10. O-O Qc7 11. a4 b6 12. Ba3 Rd8 13. Qb3 Ba6 14.
Rfe1 Rac8 15. Qa2 Na5 16. Nf4 e6 17. Rac1 Bc4 18. Qb2 e5 19. Ne2 Ba6 20. d5 Nc4 21. Qa2 Nd6 22. e4 Rf8 23. c4 f5 24. f3 Rf7 25.
Rf1 Rcf8 26. exf5 gxf5 27. Bb2 Qd7 28. a5 b5 29. cxb5 Qxb5 30. f4 Qxe2 31. fxe5 Bxe5 32.
Rf2 Bd4 33. Bxd4 Qxa2 34. Rxa2 cxd4 35. Rc6 Bc4 36. Rc2 d3 37. Rd2 Rd8 38. Bf1 Bxd5 0-1

[Event "Early-Titled-Tuesday-Blitz-July-09-2024"]
[Site "Chess.com"]
[Date "2024.07.09"]
[Round "7"]
[White "snowlord"]
[Black "dropstoneDP"]
[Result "0-1"]
[WhiteElo "2916"]
[BlackElo "3045"]
[TimeControl "180+1"]
[EndTime "9:19:27 PDT"]
[Termination "dropstoneDP won by resignation"]

1. c4 e5 2. Nc3 Nf6 3. Nf3 Nc6 4.
d3 Bb4 5. Bd2 O-O 6. g3 Bxc3 7.
Bxc3 e4 8. Ng5 e3 9. Qc1 Ng4 10.
Nh3 d5 11. cxd5 Qxd5 12. f3 Nge5 13. Qxe3 Re8 14. O-O-O Qxa2 15. f4 Bxh3 16. fxe5 Be6 17. Bg2 Nb4 18. Kd2 Qb3 19. Qc5 a5 20. Be4 b6 21.
Qxc7 Rac8 22. Qxb6 Rxc3 23. Qxa5 Qxb2+ 24. Ke3 Rcc8 25. Rb1 Nc2+ 26. Kd2 Qd4 27. Qb6 Qxe5 28. Rhf1 Qc3+ 29. Kd1 0-1

[Event "Early-Titled-Tuesday-Blitz-July-09-2024"]
[Site "Chess.com"]
[Date "2024.07.09"]
[Round "7"]
[White "FloMasterAAK"]
[Black "Flawless_Fighter"]
[Result "1-0"]
[WhiteElo "2601"]
[BlackElo "2776"]
[TimeControl "180+1"]
[EndTime "9:19:27 PDT"]
[Termination "FloMasterAAK won by resignation"]

1. e4 c6 2. d4 d5 3. Nc3 dxe4 4. Nxe4 Nf6 5. Nxf6+ exf6 6. c3 Bd6 7. Bd3 O-O 8.
Qc2 Re8+ 9. Ne2 h5 10. Be3 Nd7 11. O-O-O Nf8 12. h3 Be6 13. c4 Rc8 14. g4 h4 15.
Kb1 b5 16. c5 Bc7 17. Nc3 Ba5 18. d5 cxd5 19. Nxb5 Re7 20. g5 fxg5 21. Bxg5 f6 22. Bf4 Bb4 23. Bd6 Rd7 24. a3 Rxd6 25. axb4 Rd7 26.
Nd4 Bf7 27. Bf5 a5 28. c6 axb4 29. Rhg1 Rdc7 30. Bxc8 Qxc8 31. Rg4 Ne6 32. Nf5 g5 33. Rxb4 Kf8 34. Nd6 Qd8 35. Nxf7 Rxf7 36. Qb3 Nc7 37. Rb8 1-0

[Event "Early-Titled-Tuesday-Blitz-July-09-2024"]
[Site "Chess.com"]
[Date "2024.07.09"]
[Round "7"]
[White "Veleamater"]
[Black "KevinGeorgeMicheal"]
[Result "0-1"]
[WhiteElo "2406"]
[BlackElo "2525"]
[TimeControl "180+1"]
[EndTime "9:19:27 PDT"]
[Termination "KevinGeorgeMicheal won by resignation"]

1. g3 g6 2. Bg2 Bg7 3. d3 d6 4.
Nc3 Nc6 5. e4 e5 6. Nge2 Nge7 7.
O-O O-O 8. f4 f5 9. Be3 Be6 10.
Qd2 Qd7 11. Rf2 Rf7 12. Raf1 Raf8 13. a3 d5 14. exd5 Nxd5 15. Bc5 Re8 16. fxe5 Nxe5 17.
Nf4 Nxf4 18. Rxf4 Bh6 19. Ne2 Bd5 20. Nc3 Bxg2 21. Qxg2 Bxf4 22. gxf4 Ng4 23. Qxb7 Qd8 24. Qf3 Qh4 25. h3 Nf6 26. Bxa7 Nh5 27. Kg2 g5 28. fxg5 Rg7 29. Bf2 Qxg5+ 30. Kh2 Rf8 31. Qd5+ Kh8 32. Rg1 Qf4+ 33. Kh1 Qxf2 34. Rxg7 Kxg7 35. Qe5+ Rf6 36. Qxc7+ Kh6 0-1

[Event "Early-Titled-Tuesday-Blitz-July-09-2024"]
[Site "Chess.com"]
[Date "2024.07.09"]
[Round "7"]
[White "andy07670"]
[Black "AlainBruxelles"]
[Result "1-0"]
[WhiteElo "2434"]
[BlackElo "2265"]
[TimeControl "180+1"]
[EndTime "9:19:27 PDT"]
[Termination "andy07670 won by resignation"]

1. e4 c5 2. Nf3 d6 3. d4 cxd4 4.
Nxd4 Nf6 5. Nc3 Nc6 6. Bg5 e6 7. f4 a6 8. Qd2 Be7 9. O-O-O Qc7 10. Be2 b5 11. Bf3 Bb7 12. Rhe1 Na5 13. Kb1 Nc4 14. Qd3 Rc8 15. f5 e5 16. Bxf6 gxf6 17. Nde2 h5 18.
Rc1 Qc5 19. Nd5 Bxd5 20. exd5 h4 21. Nc3 Qb4 22. b3 Na3+ 23. Kb2 Nc4+ 24. Ka1 Nb6 25. Ne4 Nd7 26. c3 Qa5 27. Red1 Qb6 28. c4 Nc5 29.
Nxc5 Rxc5 30. cxb5 axb5 31. Qd2 Kd7 32. Rxc5 Qxc5 33.
Rc1 Qb6 34. Be2 Ra8 35. Qb4 Rb8 36.
a3 Bf8 37. Ka2 Bh6 38. Rc6 Qe3 39. Qxd6+ Ke8 40. Qxb8+ Ke7 41. Qd6+ 1-0

[Event "Early-Titled-Tuesday-Blitz-July-09-2024"]
[Site "Chess.com"]
[Date "2024.07.09"]
[Round "7"]
[White "Chesstiger64"]
[Black "KhamzinOlzhas"]
[Result "1-0"]
[WhiteElo "2394"]
[BlackElo "2557"]
[TimeControl "180+1"]
[EndTime "9:19:28 PDT"]
[Termination "Chesstiger64 won by resignation"]

1. d4 Nf6 2. Nf3 g6 3. c4 Bg7 4. e3 O-O 5. Be2 d6 6. O-O Nbd7 7. Nc3 e5 8. b4 Re8 9. a4 e4 10. Nd2 Nf8 11. Qc2 Bf5 12. b5 h5 13. Rd1 h4 14. Ba3 N8h7 15. c5 h3 16. g3 d5 17.
c6 b6 18. a5 Ng5 19. Bb4 Bg4 20. axb6 axb6 21. Ra6 Bxe2 22. Nxe2 Ng4 23. Rda1 Rc8 24. Qa2 Qf6 25. Nf4 Ne6 26. Qxd5 g5 27. Nxe4 Qh6 28. Nxe6 Rxe6 29. Ra8 Rce8 30. Nxg5 Qf6 31. f4 Rxe3 32. Bc3 Qe7 33. Qd7 Re1+ 34. Rxe1 Qxe1+ 35. Bxe1 1-0

[Event "Early-Titled-Tuesday-Blitz-July-09-2024"]
[Site "Chess.com"]
[Date "2024.07.09"]
[Round "7"]
[White "pouya21"]
[Black "annasargsyan_m"]
[Result "1-0"]
[WhiteElo "2867"]
[BlackElo "2656"]
[TimeControl "180+1"]
[EndTime "9:19:30 PDT"]
[Termination "pouya21 won by resignation"]

1. b3 Nf6 2. Bb2 g6 3. Nf3 Bg7 4. c4 O-O 5. g3 c5 6. Bg2 Nc6 7. O-O d6 8. d4 cxd4 9. Nxd4 Bd7 10. Nc3 Rc8 11. e3 Re8 12. Qd2 a6 13. Nde2 Bf5 14.
h3 Qd7 15. g4 Be6 16. Nf4 h5 17. g5 Nh7 18. Nxe6 Qxe6 19. f4 Nf8 20. Kh2 Qd7 21.
Rad1 Rcd8 22. Nd5 Ne6 23. e4 Ned4 24. Qf2 e5 25. f5 b5 26. Nf6+ Bxf6 27. gxf6 Kh7 28.
Qh4 Rg8 29. Qg5 Qe8 30. Bc1 Qf8 31. fxg6+ Rxg6 32. Qxh5+ Kg8 33. Bh1 Ne6 34. Rg1 Qe8 35. Qh6 Ncd4 36. Rxg6+ fxg6 37. Rg1 1-0

[Event "Early-Titled-Tuesday-Blitz-July-09-2024"]
[Site "Chess.com"]
[Date "2024.07.09"]
[Round "7"]
[White "mind1mover"]
[Black "ChessFighter_2011"]
[Result "0-1"]
[WhiteElo "2822"]
[BlackElo "2955"]
[TimeControl "180+1"]
[EndTime "9:19:31 PDT"]
[Termination "ChessFighter_2011 won on time"]

1. c4 Nf6 2. Nc3 g6 3. d4 Bg7 4. e4 d6 5. Be2 O-O 6. Be3 Nc6 7.
d5 Ne5 8. f4 Neg4 9. Bd2 Nh6 10.
h3 e6 11. dxe6 fxe6 12. Qc2 Nf7 13. O-O-O Qe7 14. g4 b5 15. Nxb5 Bb7 16. Bf3 Nd7 17.
Ne2 Nc5 18. Bc3 Ng5 19. Bxg7 Qxg7 20. fxg5 Rxf3 21. Nec3 Raf8 22. h4 R3f4 23. h5 Nxe4 24. hxg6 hxg6 25. Rh6 Rf2 26. Qd3 R8f3 27. Qd4 Qxd4 28.
Nxd4 Nxc3 29. bxc3 Rxc3+ 30. Kb1 Be4+ 31. Ka1 Ra3 0-1

[Event "Early-Titled-Tuesday-Blitz-July-09-2024"]
[Site "Chess.com"]
[Date "2024.07.09"]
[Round "7"]
[White "Stanbad1"]
[Black "bubeliang"]
[Result "1-0"]
[WhiteElo "2623"]
[BlackElo "2803"]
[TimeControl "180+1"]
[EndTime "9:19:31 PDT"]
[Termination "Stanbad1 won by resignation"]

1. d4 d5 2. Nc3 Nf6 3. Bf4 a6 4. e3 b5 5. Bd3 e6 6. a4 b4 7. Nb1 c5 8. dxc5 Bxc5 9. Nd2 Nc6 10. Ngf3 Bd6 11. Bxd6 Qxd6 12. Qe2 O-O 13. e4 e5 14. O-O Bg4 15. exd5 Nd4 16. Qxe5 Nxf3+ 17. Nxf3 Qxd5 18. Qxd5 Nxd5 19. Ne5 Be6 20. Rfe1 g6 21. Rad1 a5 22. Be4 Nb6 23. Bxa8 Rxa8 24. b3 Rc8 25. Rd2 Bf5 26. Ree2 Rc5 27. g4 Be6 28. h3 Nd5 29.
Re4 Nc3 30. Re1 g5 31. Nd7 Rc6 32. Nf6+ Kg7 33. Ne4 Nxe4 34. Rxe4 Kf6 35. f4 Rc3 36. Kh2 h5 37. fxg5+ Kxg5 38. Re5+ Kf4 39. Rxh5 Ke3 40. Rg2 Bd7 41. Rxa5 Bc6 42. Rg3+ Kd2 43. Rxc3 bxc3 44. Rc5 Be4 45. a5 Kxc2 46. h4 Kxb3 47. a6 Kb4 48.
Rc7 c2 49. h5 Kb3 50. h6 Bd5 51. Rxc2 Kxc2 52. h7 Be4 53. h8=Q Bg6 54. a7 1-0

[Event "Early-Titled-Tuesday-Blitz-July-09-2024"]
[Site "Chess.com"]
[Date "2024.07.09"]
[Round "7"]
[White "theoneandonlydaaevik"]
[Black "IMVadim"]
[Result "1/2-1/2"]
[WhiteElo "2614"]
[BlackElo "2443"]
[TimeControl "180+1"]
[EndTime "9:19:32 PDT"]
[Termination "Game drawn by repetition"]

1. Nf3 Nf6 2. g3 g6 3. c4 c6 4.
Nc3 d5 5. d4 Bg7 6. Bg2 O-O 7.
O-O dxc4 8. Ne5 Ng4 9. Bf4 Nxe5 10. Bxe5 Bxe5 11. dxe5 Qxd1 12. Rfxd1 Na6 13. Rd4 Be6 14. Rad1 Rfc8 15. f4 Kf8 16. h3 Ke8 17. g4 Rd8 18. e3 Rxd4 19. exd4 Rd8 20. Be4 Nc7 21. Kf2 Bd5 22.
Bc2 e6 23. Ke3 b5 24. h4 Kf8 25. f5 a5 26. Rf1 Kg7 27. Rf2 a4 28. f6+ Kf8 29.
h5 a3 30. hxg6 hxg6 31. bxa3 Ra8 32. Nb1 Na6 33. Rh2 Kg8 34. Nc3 Nc7 35. Nb1 Na6 36.
Nc3 Nc7 37. Nb1 Na6 1/2-1/2

[Event "Early-Titled-Tuesday-Blitz-July-09-2024"]
[Site "Chess.com"]
[Date "2024.07.09"]
[Round "7"]
[White "jaskol95"]
[Black "Zhigalko_Sergei"]
[Result "1/2-1/2"]
[WhiteElo "2671"]
[BlackElo "2930"]
[TimeControl "180+1"]
[EndTime "9:19:33 PDT"]
[Termination "Game drawn by repetition"]

1. d4 Nf6 2. Nc3 d5 3. Bf4 a6 4. e3 b5 5. a3 e6 6. b4 Nbd7 7. Nf3 Bb7 8. Bd3 Nb6 9. O-O Be7 10.
Ne5 O-O 11. Qf3 Nfd7 12. Qh3 f5 13. g4 Nxe5 14. Bxe5 Qd7 15. gxf5 exf5 16. Kh1 Nc4 17. f4 Bd6 18. Rg1 Bxe5 19. fxe5 Nxe5 20. Be2 Rae8 21.
Rg3 Nc4 22. Rag1 Re7 23. Qh6 Rff7 24. Rh3 Kf8 25. Qxh7 Rxe3 26. Qh8+ Ke7 27. Qh4+ Kf8 28. Qh8+ Ke7 29. Qh4+ Kf8 30. Qh8+ 1/2-1/2